 Dungeon Crawl Stone Soup version 0.18.1-48-g4cf74bf (webtiles) character file.

1813 Joat the Fighter (level 8, 0/74 HPs)
             Began as a Mottled Draconian Monk on Aug 24, 2016.
             Slain by a sun demon (27 damage)
             ... summoned by a kobold demonologist
             ... in a bailey.
             The game lasted 00:23:36 (6357 turns).

Joat the Fighter (Mottled Draconian Monk)           Turns: 6357, Time: 00:23:37

Health: 0/74       AC: 10    Str: 13    XL:     8   Next: 84%
Magic:  8/8        EV: 16    Int: 11    God:
Gold:   295        SH:  0    Dex: 16    Spells: 1 memorised, 6 levels left

rFire  . . .     SeeInvis .       - Unarmed
rCold  . . .     Gourm    .     (armour unavailable)
rNeg   . . .     Faith    .     (no shield)
rPois  .         Spirit   .     (helmet restricted)
rElec  .         Dismiss  +     e - +0 cloak
rCorr  .         Reflect  .     (no gloves)
SustAt .         Harm     .     (no boots)
MR     .....                    n - amulet of dismissal
Stlth  +++.......               t - +3 ring of protection
                                c - ring of stealth

@: short of breath, not resistant to hostile enchantments, fairly stealthy
A: breathe sticky flame splash, unfitting armour, cold-blooded, AC +6
a: Breathe Sticky Flame


You were in a bailey.
You were not hungry.

You visited 2 branches of the dungeon, and saw 8 of its levels.
You also visited: Bailey.

You collected 295 gold pieces.

Inventory:

Hand Weapons
 w - the +4 war axe of Laukh {freeze, rElec}
   (You found it on level 5 of the Dungeon)

   It has been specially enchanted to freeze those struck by it, causing extra
   injury to most foes and up to half again as much damage against particularly
   susceptible opponents.
   It can also slow down cold-blooded creatures.
   It insulates you from electricity.
Armour
 e - a +0 cloak (worn)
 D - a +0 large shield
Jewellery
 c - a ring of stealth (left hand)
 n - an amulet of dismissal (around neck)
 t - a +3 ring of protection (right hand)
Wands
 s - a wand of hasting (9/9)
 B - a wand of disintegration (17/24)
 H - a wand of acid (8/15)
Scrolls
 d - a scroll of blinking
 g - a scroll of remove curse
 h - 4 scrolls of teleportation
 j - 2 scrolls of recharging
 o - 2 scrolls of immolation
Potions
 i - a potion of lignification
 k - 3 potions of curing
 l - 2 potions of flight
 u - 2 potions of brilliance
 v - 2 potions of heal wounds
 A - a potion of might
 E - 2 potions of mutation
Books
 z - a book of Beasts

   Spells                             Type                      Level
   a - Summon Butterflies             Summoning                    1
   b - Call Canine Familiar           Summoning                    3
   c - Summon Ice Beast               Ice/Summoning                4
   d - Summon Mana Viper              Hexes/Summoning              5
   e - Summon Hydra                   Summoning                    7
Comestibles
 a - 6 bread rations
 b - a chunk of flesh
 p - a meat ration
 q - a beef jerky
 r - 5 fruits
 G - a royal jelly


   Skills:
 + Level 8.0 Fighting
 + Level 6.7 Dodging
 - Level 1.7 Stealth
 + Level 7.6 Unarmed Combat


You had 6 spell levels left.
You knew the following spells:

 Your Spells              Type           Power        Failure   Level  Hunger
m - Summon Butterflies    Summ           #.......     34%         1    ##.....


Dungeon Overview and Level Annotations

Branches:
Dungeon (7/15)             Temple (1/1) D:4

Altars:
Ashenzari
Dithmenos
Elyvilon
Gozag
Kikubaaqudgha
Makhleb
Nemelex Xobeh
Okawaru
Pakellas
Ru
Sif Muna
Trog
Vehumet
Xom
Yredelemnul
Zin
The Shining One

Shops:
D:3 *   D:6 }

Annotations:
D:4 3 exclusions, Pikel


Innate Abilities, Weirdness & Mutations

You can spit globs of burning liquid.
You can ignite nearby creatures when you spit burning liquid.
Your weird mottled scales are hard (AC +6).
Your body does not fit into most forms of armour.
You are cold-blooded and may be slowed by cold attacks.


Message History

You tail-slap the kobold demonologist, but do no damage.
The kobold demonologist is severely wounded.
The kobold demonologist hits you with a war axe!
The shadow imp misses you.
You closely miss the kobold demonologist.
The kobold demonologist is severely wounded.
The kobold demonologist mumbles some strange words.
You barely miss the kobold demonologist.
The kobold demonologist is severely wounded.
The shadow imp barely misses you.
The kobold demonologist mumbles some strange words.
You hit the kobold demonologist.
The kobold demonologist is almost dead.
The kobold demonologist misses you. The sun demon closely misses you.
You closely miss the kobold demonologist.
The kobold demonologist is almost dead.
The sixfirhy closely misses you. The sixfirhy hits you!
The sixfirhy shocks you! The sixfirhy barely misses you. The sixfirhy hits you!
The sixfirhy shocks you! The sun demon hits you!!
You die...

....≈≈≈≈≈.#++####
....≈≈≈≈≈.#.....##....#
..........))....##....#
..........').⌠..##.._.#
..........))....##..o.# ##
....≈≈≈≈≈.#.....##....#..#
....≈≈≈≈≈.#''#####....#..#
###.≈≈≈≈≈.#.....3#o5..#%%#
#≈≈≈≈≈≈.#.....@#....#
#≈≈≈≈≈######.54Kgo.##
#≈≈≈≈≈# #.8.8o8.+ #≈≈≈≈≈#
#.......# #≈≈≈≈≈#
#######+# #≈≈≈≈≈#


You could see an orc high priest, a sun demon, a kobold demonologist, a
sixfirhy, a gnoll, a shadow imp and an orc.

Vanquished Creatures
  A troll (D:6)
  Sigmund (D:2)
  Duvessa (D:6)
  An ice beast (D:5)
  A sky beast (D:5)
  2 ogres
  A centaur (D:7)
  Dowan (D:6)
  A scorpion (D:5)
  An electric eel (Bailey)
  2 crimson imps (D:5)
  3 giant frog zombies
  2 hounds (D:5)
  A jelly (D:5)
  A centaur skeleton (D:6)
  2 orc wizards (D:5)
  A giant frog skeleton (D:6)
  5 worker ants
  A killer bee zombie (D:6)
  3 gnolls
  7 adders
  3 shadow imps
  An ooze (D:1)
  An adder zombie (D:6)
  An adder skeleton (D:4)
  2 dart slugs (D:1)
  2 worms (D:3)
  3 giant geckos
  10 orcs
  2 ball pythons
  8 giant cockroaches
  8 goblins
  9 hobgoblins
  2 jackals (D:6)
  6 kobolds
  5 quokkas
  12 bats
  6 giant newts
  A jackal skeleton (D:5)
  12 rats
133 creatures vanquished.

Notes
Turn   | Place    | Note
--------------------------------------------------------------
     0 | D:1      | Joat the Draconian Monk began the quest for the Orb.
     0 | D:1      | Reached XP level 1. HP: 19/19 MP: 1/1
   157 | D:1      | Reached XP level 2. HP: 20/26 MP: 2/2
   349 | D:1      | Reached XP level 3. HP: 29/33 MP: 3/3
   987 | D:2      | Reached skill level 4 in Fighting
  1217 | D:2      | Found a basalt altar of Yredelemnul.
  1528 | D:2      | Noticed Sigmund
  1691 | D:2      | Killed Sigmund
  1691 | D:2      | Reached skill level 5 in Unarmed Combat
  1691 | D:2      | Reached XP level 4. HP: 4/41 MP: 4/4
  1691 | D:2      | Reached XP level 5. HP: 4/47 MP: 5/5
  1989 | D:2      | Found a shimmering altar of Xom.
  2149 | D:3      | Reached skill level 5 in Fighting
  2410 | D:3      | Found Gozag's Platinum Reserve.
  2412 | D:3      | Found an opulent altar of Gozag.
  2423 | D:3      | Found a glowing silver altar of Zin.
  2481 | D:3      | Found an iron altar of Okawaru.
  2691 | D:3      | Reached XP level 6. HP: 56/56 MP: 6/6
  2999 | D:4      | Noticed a slave
  3026 | D:4      | Noticed a slave
  3083 | D:4      | Noticed a slave
  3083 | D:4      | Noticed a slave
  3132 | D:4      | Found a staircase to the Ecumenical Temple.
  3165 | Temple   | Entered the Ecumenical Temple
  3231 | D:4      | Noticed Pikel
  3287 | D:5      | Entered Level 5 of the Dungeon
  3945 | D:5      | Got a jewelled war axe
  3946 | D:5      | Identified the +4 war axe of Laukh {freeze, rElec} (You found it on level 5 of the Dungeon)
  4293 | D:5      | Found a sparkling altar of Nemelex Xobeh.
  4379 | D:5      | Your scales start taking on a weird mottled colour.
  4379 | D:5      | Reached XP level 7. HP: 58/62 MP: 7/7
  4382 | D:5      | Learned a level 1 spell: Summon Butterflies
  4487 | D:5      | Reached skill level 6 in Fighting
  4506 | D:5      | Reached skill level 5 in Dodging
  4901 | D:6      | Reached XP level 8. HP: 68/71 MP: 8/8
  4919 | D:6      | Noticed Duvessa
  4919 | D:6      | Noticed Dowan
  4946 | D:6      | Killed Duvessa
  4949 | D:6      | Killed Dowan
  4949 | D:6      | Reached skill level 7 in Fighting
  5100 | D:6      | Found an oddly glowing altar of Pakellas.
  5377 | D:6      | Found Isunuoc's Gadget Shop.
  5508 | D:6      | Noticed a troll
  5544 | D:6      | Killed a troll
  5945 | D:7      | Found a shadowy altar of Dithmenos.
  5945 | D:7      | Found a sacrificial altar of Ru.
  5966 | D:7      | Found a flagged portal.
  5982 | Bailey   | Entered a bailey
  6039 | Bailey   | Reached skill level 8 in Fighting
  6336 | Bailey   | Found an iron altar of Okawaru.
  6336 | Bailey   | Noticed an orc high priest
  6336 | Bailey   | Noticed a kobold demonologist
  6355 | Bailey   | Noticed a sixfirhy
  6356 | Bailey   | Noticed a sun demon
  6357 | Bailey   | Slain by a sun demon

Skill      XL: |  1  2  3  4  5  6  7  8 |
---------------+-------------------------+-----
Dodging        | 3 4 5 6 |  6.7
Fighting       | 4 5 6 8 |  8.0
Unarmed Combat | 5 6 7 |  7.6
Stealth        | |  1.7

Action                   |  1- 3 |  4- 6 |  7- 9 || total
-------------------------+-------+-------+-------++-------
Melee: Unarmed           |   139 |   159 |   149 ||   447
       Tailslap          |    18 |    18 |    24 ||    60
       Punch             |     6 |     7 |     4 ||    17
       War axe           |       |    18 |    27 ||    45
 Abil: Breathe Sticky Fl |       |       |     9 ||     9
  Use: Potion            |     1 |       |       ||     1
       Scroll            |       |       |    16 ||    16
 Stab: Sleeping          |    10 |    15 |     4 ||    29
  Eat: Chunk             |     2 |     8 |     9 ||    19
Armor: Skin              |    38 |    60 |    49 ||   147
Dodge: Dodged            |    91 |    96 |   144 ||   331
